 Dungeon Crawl Stone Soup version 0.22.0-38-g04b72b8 (webtiles) character file.

11821 poirepourri the Severer (level 11, -5/111 HPs)
             Began as a Deep Dwarf Fighter on Aug 28, 2018.
             Slain by a troll (8 damage)
             ... on level 13 of the Dungeon.
             The game lasted 00:09:38 (9760 turns).

poirepourri the Severer (Deep Dwarf Fighter)        Turns: 9760, Time: 00:09:38

Health: -5/111     AC: 14    Str: 21    XL:     11   Next: 54%
Magic:  3/3        EV:  7    Int:  8    God:
Gold:   551        SH: 15    Dex: 15    Spells: 10/10 levels left

rFire    . . .     SeeInvis .   a - +3 war axe
rCold    . . .     Gourm    .   c - +2 shield
rNeg     + . .     Faith    .   b - +0 scale mail
rPois    .         Spirit   .   B - +2 helmet
rElec    .         Reflect  +   D - +0 cloak
rCorr    .         Harm     .   s - +1 pair of gloves
MR       ++...                  u - +0 pair of boots
Stlth    ..........             p - +4 amulet of reflection
HPRegen  0.00/turn              d - ring of protection from magic
MPRegen  0.08/turn              m - ring of positive energy

@: non-regenerating
A: damage resistance, heal wounds, sense surroundings 2, no regeneration
a: Heal Wounds


You were on level 13 of the Dungeon.
You were not hungry.

You visited 2 branches of the dungeon, and saw 14 of its levels.

You collected 731 gold pieces.
You spent 180 gold pieces at shops.

Inventory:

Hand Weapons
 a - a +3 war axe (weapon)
 E - the +4 executioner's axe of Wioraves {flame, rN++ Stlth+}
   (You acquired it on level 9 of the Dungeon)

   It has been specially enchanted to burn those struck by it, causing extra
   injury to most foes and up to half again as much damage against particularly
   susceptible opponents.
   Big, fiery blades are also staple armaments of hydra-hunters.
   It greatly protects you from negative energy.
   It makes you more stealthy.
Missiles
 i - 79 bolts
 r - a throwing net (quivered)
Armour
 b - a +0 scale mail (worn)
 c - a +2 shield (worn)
 s - a +1 pair of gloves (worn)
 u - a +0 pair of boots (worn)
 B - a +2 helmet (worn)
 D - a +0 cloak (worn)
Jewellery
 d - a ring of protection from magic (left hand)
 m - a ring of positive energy (right hand)
 p - a +4 amulet of reflection (around neck)
 t - a +2 ring of slaying
 x - an uncursed ring of protection from cold
 A - an uncursed amulet of the gourmand
Wands
 g - a wand of digging (21)
 v - a wand of iceblast (9)
 w - a wand of disintegration (12)
 z - a wand of polymorph (28)
 C - a wand of paralysis (19)
 G - a wand of flame (39)
 I - a wand of clouds (6)
Scrolls
 h - 6 scrolls of blinking
 j - 6 scrolls of remove curse
 q - 4 scrolls of teleportation
 y - 3 scrolls of fear
 F - 2 scrolls of identify
Potions
 e - 11 potions of curing
 k - 2 potions of haste
 l - a potion of mutation
 n - 3 potions of brilliance
 o - a potion of flight
 H - a potion of cancellation
Comestibles
 f - 11 rations


   Skills:
 + Level 11.0 Fighting
 - Level 15.0 Axes
 - Level 3.2 Armour
 - Level 3.2 Shields


You had 10 spell levels left.
You didn't know any spells.
Your spell library contained the following spells:

 Spells                   Type           Power        Failure   Level  Hunger
 Animate Skeleton         Necr           N/A          99%         1    ##.....
 Beastly Appendage        Tmut           #.....       99%         1    ##.....
 Pain                     Necr           #...         99%         1    ##.....
 Sticks to Snakes         Tmut           #.......     100%        2    ###....
 Spider Form              Tmut/Pois      #.........   100%        3    ####...
 Vampiric Draining        Necr           #.........   100%        3    ####...
 Animate Dead             Necr           N/A          100%        4    #####..
 Ice Form                 Ice/Tmut       #.......     100%        4    #####..
 Blade Hands              Tmut           #.........   100%        5    ######.
 Regeneration             Chrm/Necr      Unusable     N/A         3    N/A

Dungeon Overview and Level Annotations

Branches:
Dungeon (13/15)            Temple (1/1) D:5            Lair (0/6) D:8
    Orc (0/2) D:12
 Vaults: D:13-14

Altars:
Ashenzari
Cheibriados
Dithmenos
Elyvilon
Fedhas
Gozag
Hepliaklqana
Kikubaaqudgha
Nemelex Xobeh
Okawaru
Qazlal
Ru
Sif Muna
Trog
Uskayaw
Vehumet
Wu Jian
Xom
Yredelemnul
Zin
The Shining One

Shops:
D:4 ??*(   D:6 }   D:11 ?


Innate Abilities, Weirdness & Mutations

You are resistant to damage.
You can heal yourself by infusing magical energy.
You passively map the area around you.
You do not regenerate.


Message History

* * * LOW HITPOINT WARNING * * *
You slash the troll!
The troll is moderately wounded.
The troll bites you but does no damage. The troll claws you.
* * * LOW HITPOINT WARNING * * *
You block the troll's attack.
You hit the troll.
The troll is moderately wounded.
The troll bites you but does no damage. The troll claws you.
* * * LOW HITPOINT WARNING * * *
The troll claws you but does no damage.
You hit the troll.
The troll is heavily wounded.
You block the troll's attack. The troll claws you. x2
You barely miss the troll.
The troll is heavily wounded.
You hit the troll but do no damage.
The troll is heavily wounded.
You block the troll's attack. x2; The troll claws you!
You die...

#. *, #. ,* * * **
#. * * ###.######..
,,, # ..........# *
, .# #.# *#.# ###.
* #.# #.# ##.. *
#.# #.# #..###* ,
#(# ##.## #..@.#, *
#<###...###.##T#, *
#.).....)...# ... *
#####..)###.#*#....
, ##.## #.# ####.#*
** * #.# #.# *,#
,,, ..# #.# ** *
#### #.# ,* #..


You could see a troll.

Vanquished Creatures
  A two-headed ogre (D:11)
  Pikel (D:7)
  An ugly thing (D:12)
  A manticore (D:12)
  A gargoyle (D:12)
  A troll (D:11)
  3 meliai (D:13)
  2 hippogriffs
  5 slime creatures (D:12)
  Sigmund (D:3)
  A vampire (D:12)
  Eustachio (D:4)
  5 yaks (D:9)
  4 vampire mosquitoes (D:9)
  2 hungry ghosts
  3 wargs (D:8)
  A soldier ant (D:10)
  2 orc warriors
  A water moccasin (D:9)
  3 ice beasts
  4 slaves (D:7)
  3 black bears
  An eye of draining (D:12)
  A hornet zombie (D:9)
  3 phantoms
  A sky beast (D:11)
  6 ogres
  8 centaurs
  A crocodile (D:10)
  4 bullfrogs
  2 scorpions
  4 howler monkeys
  3 centaur zombies
  4 jellies
  5 crimson imps
  A quasit (D:12)
  5 hounds
  6 bullfrog skeletons
  A centaur skeleton (D:6)
  9 orc priests
  A gnoll shaman (D:5)
  An iguana (D:8)
  Jessica (D:2)
  5 orc wizards
  14 worker ants
  2 hound zombies
  A hound skeleton (D:7)
  12 gnolls
  A howler monkey skeleton (D:6)
  11 adders
  3 shadow imps (D:8)
  An adder skeleton (D:4)
  2 worms
  3 dart slugs (D:3)
  3 leopard geckos
  28 orcs
  4 ball pythons
  6 giant cockroaches
  12 goblins
  3 hobgoblins (D:1)
  9 jackals
  6 kobolds
  5 quokkas
  7 bats
  7 frilled lizards
  2 leopard gecko skeletons
  A quokka skeleton (D:8)
  A quokka zombie (D:7)
  7 rats
271 creatures vanquished.

Vanquished Creatures (others)
  2 centaurs (D:13)
  A gnoll (D:2)
  An orc (D:8)
4 creatures vanquished.

Grand Total: 275 creatures vanquished

Notes
Turn   | Place    | Note
-------+----------+-------------------------------------------
     0 | D:1      | poirepourri the Deep Dwarf Fighter began the quest for the Orb.
     0 | D:1      | Reached XP level 1. HP: 20/20 MP: 1/1
   171 | D:1      | Reached skill level 3 in Axes
   171 | D:1      | Reached XP level 2. HP: 27/27 MP: 2/2
   725 | D:2      | Reached XP level 3. HP: 25/33 MP: 3/3
   747 | D:2      | Reached skill level 4 in Axes
   786 | D:2      | Found an opulent altar of Gozag.
   873 | D:2      | Noticed Jessica
   878 | D:2      | Reached XP level 4. HP: 26/40 MP: 4/4
   881 | D:2      | Killed Jessica
   881 | D:2      | Reached skill level 5 in Axes
   922 | D:2      | Found a glowing golden altar of the Shining One.
   962 | D:2      | Found a hazy altar of Hepliaklqana.
  1012 | D:2      | Found a sacrificial altar of Ru.
  1096 | D:2      | Reached XP level 5. HP: 30/46 MP: 5/5
  1237 | D:3      | You fall through a shaft!
  1237 | D:4      | Found Cikosul's General Store.
  1355 | D:4      | Reached skill level 6 in Axes
  1358 | D:4      | Found Vicroil's Magic Scroll Shoppe.
  1367 | D:4      | Noticed Eustachio
  1400 | D:4      | Killed Eustachio
  1400 | D:4      | Reached skill level 7 in Axes
  1400 | D:4      | Reached XP level 6. HP: 22/55 MP: 6/6
  1569 | D:4      | Reached skill level 8 in Axes
  1715 | D:4      | Found Ehostrayl's Antique Weapon Shoppe.
  1869 | D:4      | Found Ytzar's Magic Scroll Shoppe.
  1872 | D:4      | Bought a scroll of enchant weapon for 90 gold pieces
  1872 | D:4      | Bought a scroll of blinking for 90 gold pieces
  2070 | D:5      | Entered Level 5 of the Dungeon
  2091 | D:5      | Reached XP level 7. HP: 45/61 MP: 5/5
  2144 | D:5      | Reached skill level 9 in Axes
  2380 | D:5      | Found a staircase to the Ecumenical Temple.
  2501 | Temple   | Entered the Ecumenical Temple
  3298 | D:5      | Reached skill level 10 in Axes
  3427 | D:6      | Reached XP level 8. HP: 34/68 MP: 6/6
  3660 | D:6      | Found an ancient bone altar of Kikubaaqudgha.
  3667 | D:6      | Found a deep blue altar of Sif Muna.
  3668 | D:6      | Found a radiant altar of Vehumet.
  3670 | D:6      | Identified Kikubaaqudgha's Tome of Dark Rituals
  3710 | D:6      | Reached skill level 11 in Axes
  4198 | D:6      | Found Assog's Gadget Shoppe.
  4251 | D:6      | Found a basalt altar of Yredelemnul.
  4331 | D:6      | Reached skill level 12 in Axes
  4889 | D:7      | Noticed Pikel
  4914 | D:7      | Killed Pikel
  4914 | D:7      | Gained mutation: You passively map the area around you. [Deep Dwarf growth]
  4914 | D:7      | Reached XP level 9. HP: 39/74 MP: 7/7
  5035 | D:7      | Reached skill level 13 in Axes
  5618 | D:8      | Reached skill level 14 in Axes
  5652 | D:8      | Found a staircase to the Lair.
  6102 | D:9      | Reached skill level 15 in Axes
  6102 | D:9      | Reached XP level 10. HP: 69/81 MP: 6/6
  6209 | D:9      | Found a basalt altar of Yredelemnul.
  6323 | D:9      | Identified a scroll of acquirement
  6326 | D:9      | Got a brightly glowing executioner's axe
  6337 | D:9      | Found a shattered altar of Ashenzari.
  6400 | D:9      | Reached skill level 5 in Fighting
  7097 | D:3      | Noticed Sigmund
  7109 | D:3      | Killed Sigmund
  7165 | D:3      | Found a stormy altar of Qazlal.
  7563 | D:10     | Entered Level 10 of the Dungeon
  8308 | D:11     | Found Pioxang's Magic Scroll Shoppe.
  8763 | D:11     | Noticed a two-headed ogre
  8775 | D:11     | Killed a two-headed ogre
  8775 | D:11     | Reached XP level 11. HP: 40/106 MP: 6/6
  8877 | D:12     | Identified the +4 executioner's axe of Wioraves {flame, rN++ Stlth+} (You acquired it on level 9 of the Dungeon)
  8935 | D:12     | Found a staircase to the Orcish Mines.
  9155 | D:12     | Reached skill level 10 in Fighting
  9310 | D:12     | Noticed a cyan ugly thing
  9322 | D:12     | Killed a cyan ugly thing
  9755 | D:13     | HP: 5/111 [troll (7)]
  9760 | D:13     | Slain by a troll

Skill      XL: |  1  2  3  4  5  6  7  8  9 10 11 |
---------------+----------------------------------+-----
Axes           | 3 4 5 7 8 10 12 15 | 15.0
Fighting       | 9 11 | 11.0
Armour         | |  3.2
Shields        | |  3.2

Action                   |  1- 3 |  4- 6 |  7- 9 | 10-12 || total
-------------------------+-------+-------+-------+-------++-------
Melee: War axe           |   105 |   152 |   350 |   420 ||  1027
 Abil: Heal Wounds       |     1 |     5 |     8 |    10 ||    24
Evoke: Wand              |       |       |     1 |       ||     1
  Use: Scroll            |     4 |     5 |    12 |    13 ||    34
       Potion            |     2 |       |     3 |     4 ||     9
 Stab: Invisible         |     3 |       |       |       ||     3
       Held in net/web   |     1 |       |       |       ||     1
       Paralysed         |       |     1 |       |       ||     1
  Eat: Ration            |       |     2 |     4 |     3 ||     9
       Chunk             |       |       |       |     2 ||     2
Armor: Scale mail        |    38 |    51 |   104 |   133 ||   326
Dodge: Dodged            |    45 |    42 |    71 |    72 ||   230
Block: Shield            |    68 |    71 |   243 |   271 ||   653
       Reflection        |       |       |     1 |    21 ||    22
